 Dungeon Sprint DCSS version 0.30-a0-715-gdb4ae3ece1 (webtiles) character file.

Game seed: 13671565408925346070

356664 BigDaddyOpFi the End of an Era (level 21, 0/177 HPs)
             Began as a Demonspawn Fighter on Jan 23, 2023.
             Was the Champion of Qazlal.
             Killed from afar by a Brimstone Fiend (25 damage)
             ... with damnation
             ... in the Dungeon (Sprint VII: "The Pits").
             The game lasted 00:39:36 (19242 turns).

BigDaddyOpFi the End of an Era (DsFi)              Turns: 19242, Time: 00:39:37

Health: 0/177      AC: 51    Str: 27    XL:     21   Next: 5%
Magic:  18/35      EV: 22    Int:  9    God:    Qazlal [******]
Gold:   243        SH: 13    Dex: 14    Spells: 70/70 levels left

rFire   . . .      SeeInvis .    B - +5 woodcutter's axe
rCold   + + +      Faith    .    (shield currently unavailable)
rNeg    . . .      Spirit   .    N - +14 gold dragon scales
rPois   +          Reflect  +    (helmet unavailable)
rElec   .          Harm     .    z - +0 cloak {Will+}
rCorr   .          Rampage  .    V - +0 pair of gloves {infuse}
Will    ++++.      NoTele   +    C - +1 pair of boots
Stlth   +                        y - amulet of the Devil's Advocate {Reflect Fly rC+ Will+ SH+5}
HPRegen 0.49/turn                r - ring of the Tortured Fig {EV+5 Slay+3}
MPRegen 0.24/turn                D - ring of Heresy {Wiz rF- rC++ Slay+5}

@: mighty, flying, studying 2 skills, repel missiles
A: horns 3, rugged brown scales 3, ignite blood 3, powered by pain 3, torment
resistance 1, demonic willpower, frail 2, low MP 3
0: Orb of Zot
}: 3/3 runes: silver, golden, iron
a: Renounce Religion, Upheaval, Elemental Force, Disaster Area


You were in the Dungeon.
You worshipped Qazlal.
Qazlal was exalted by your worship.
You visited 1 branch You collected 243 gold pieces.

Inventory:

Hand Weapons
 u - a +9 broad axe
 B - the +5 woodcutter's axe (weapon)
   (You found it in the Dungeon)
Armour
 a - a +1 pair of gloves of strength
 z - a +0 cloak of willpower (worn)
 C - a +1 pair of boots (worn)
 E - a +5 tower shield
 N - +14 gold dragon scales (worn)
 O - the +8 shadow dragon scales of Pipel {Dex+2 Stlth++++}
   (You found it in the Dungeon)

   Dex:       It affects your dexterity (+2).
   Stlth:     It makes you much more stealthy.
 V - a +0 pair of gloves of infusion (worn)
Jewellery
 b - a +3 ring of protection
 f - the ring of Xeubimn {Wiz rElec Will+ Int+3}
   (You took it off an efreet in the Dungeon)

   [ring of wizardry]

   It improves your spell success rate.
   Int:       It affects your intelligence (+3).
   rElec:     It insulates you from electricity.
   Will:      It increases your willpower.
 j - the amulet of Ripac {Faith Harm Int+3 Dex-4}
   (You found it in the Dungeon)

   [amulet of faith]

   It allows you to gain divine favour quickly.
   Int:       It affects your intelligence (+3).
   Dex:       It affects your dexterity (-4).
   Harm:      It increases damage dealt and taken.
 l - a +3 ring of protection
 p - the ring "Haosun" {Drain Int+5 Slay+5}
   (You found it in the Dungeon)

   [ring of slaying]

   Int:       It affects your intelligence (+5).
   Slay:      It affects your accuracy & damage with ranged weapons and melee
   (+5).
   Drain:     It drains your maximum health when unequipped.
 q - the amulet "Somn" {RegenMP Will+++ Stlth+}
   (You found it in the Dungeon)

   [amulet of magic regeneration]

   It increases your rate of magic regeneration.
   Will:      It greatly increases your willpower.
   Stlth:     It makes you more stealthy.
 r - the ring of the Tortured Fig (left hand) {EV+5 Slay+3}
   (You found it in the Dungeon)

   [ring of evasion]

   EV:        It affects your evasion (+5).
   Slay:      It affects your accuracy & damage with ranged weapons and melee
   (+3).
 y - the amulet of the Devil's Advocate (around neck) {Reflect Fly rC+ Will+ SH+5}
   (You found it in the Dungeon)

   [amulet of reflection]

   It reflects blocked missile attacks.
   rC:        It protects you from cold.
   Fly:       It grants you flight.
   SH:        It affects your SH (+5).
   Will:      It increases your willpower.
 A - the ring "Qonome" {Will+ Dex+3}
   (You found it in the Dungeon)

   [ring of willpower]

   Dex:       It affects your dexterity (+3).
   Will:      It increases your willpower.
 D - the ring of Heresy (right hand) {Wiz rF- rC++ Slay+5}
   (You found it in the Dungeon)

   [ring of wizardry]

   It improves your spell success rate.
   Slay:      It affects your accuracy & damage with ranged weapons and melee
   (+5).
   rF:        It makes you vulnerable to fire.
   rC:        It greatly protects you from cold.
 F - the amulet "Araecwoi" {RegenMP rPois Dex+3}
   (You found it in the Dungeon)

   [amulet of magic regeneration]

   It increases your rate of magic regeneration.
   Dex:       It affects your dexterity (+3).
   rPois:     It protects you from poison.
 G - the ring "Dyfac" {+Blink rPois Will+ Str-3 Int+6}
   (You found it in the Dungeon)

   [ring of willpower]

   Str:       It affects your strength (-3).
   Int:       It affects your intelligence (+6).
   rPois:     It protects you from poison.
   +Blink:    It lets you blink.
   Will:      It increases your willpower.
 H - the ring of Haweyn {*Corrode rElec rPois SInv Stlth+}
   (You found it in the Dungeon)

   [ring of poison resistance]

   rElec:     It insulates you from electricity.
   rPois:     It protects you from poison.
   SInv:      It lets you see invisible.
   *Corrode:  It may corrode you when you take damage.
   Stlth:     It makes you more stealthy.
 I - the ring "Pos Kof" {Ice rPois Int-3 Dex+7 Stlth+}
   (You found it in the Dungeon)

   [ring of ice]

   It enhances your ice magic.
   Int:       It affects your intelligence (-3).
   Dex:       It affects your dexterity (+7).
   rF:        It makes you vulnerable to fire.
   rC:        It protects you from cold.
   rPois:     It protects you from poison.
   Stlth:     It makes you more stealthy.
 J - the ring of Wucusun {+Blink Fly rPois Dex-4 Slay-5}
   (You found it in the Dungeon)

   [ring of flight]

   Dex:       It affects your dexterity (-4).
   Slay:      It affects your accuracy & damage with ranged weapons and melee
   (-5).
   rPois:     It protects you from poison.
   Fly:       It grants you flight.
   +Blink:    It lets you blink.
 K - the ring of Divine Compulsion {Str+6 Int+3 Stlth+}
   (You found it in the Dungeon)

   [ring of strength]

   Str:       It affects your strength (+6).
   Int:       It affects your intelligence (+3).
   Stlth:     It makes you more stealthy.
 L - the amulet "Cura" {Regen+ Str+3 Int+3 Slay-6}
   (You found it in the Dungeon)

   [amulet of regeneration]

   Str:       It affects your strength (+3).
   Int:       It affects your intelligence (+3).
   Slay:      It affects your accuracy & damage with ranged weapons and melee
   (-6).
   Regen:     It increases your rate of health regeneration.
 M - the ring "Idum" {rPois MP+9 Str+2}
   (You found it in the Dungeon)

   [ring of magical power]

   Str:       It affects your strength (+2).
   rPois:     It protects you from poison.
   MP:        It affects your magic capacity (+9).
 P - a ring of resist corrosion
 S - a +3 ring of slaying
 W - a +6 ring of strength
 Y - a ring of fire
Wands
 n - a wand of polymorph (3)
Scrolls
 s - 4 scrolls of fear
 t - a scroll of fog
 x - 2 scrolls of identify
 T - 2 scrolls of blinking
 Z - a scroll of amnesia
Potions
 d - 4 potions of might
 e - 18 potions of curing
 g - 8 potions of haste
 h - 8 potions of magic
 i - 10 potions of berserk rage
 k - 3 potions of invisibility
 m - 5 potions of heal wounds
 o - 3 potions of mutation
 v - a potion of resistance
 w - 6 potions of brilliance
 U - a potion of attraction {unknown}
 X - 2 potions of cancellation
Miscellaneous
 c - a phantom mirror
 Q - a piece from Xom's chessboard (15/15)
 R - a condenser vane


   Skills:
 O Level 27 Fighting
 O Level 27 Axes
 O Level 27 Armour
 O Level 27 Dodging
 O Level 27 Stealth
 O Level 27 Shields
 + Level 25.1 Spellcasting
 O Level 27 Invocations
 O Level 27 Evocations


You had 70 spell levels left.
You didn't know any spells.
Your spell library contained the following spells:

 Spells                   Type           Power      Damage    Failure   Level
 Apportation              Tloc           22%        N/A       8%          1
 Cigotuvi's Dreadful Rot  Necr/Pois/Air  22%        N/A       12%         2
 Lesser Beckoning         Tloc           22%        N/A       12%         2
 Gell's Gravitas          Tloc           11%        N/A       22%         3
 Mephitic Cloud           Conj/Pois/Air  11%        N/A       22%         3
 Ozocubu's Armour         Ice            11%        N/A       22%         3
 Teleport Other           Tloc           11%        N/A       22%         3
 Vampiric Draining        Necr           11%        2d6       22%         3
 Airstrike                Air            5%         2d(1-17)  56%         4
 Anguish                  Hex/Necr       5%         N/A       56%         4
 Animate Armour           Summ/Erth      22%        N/A       56%         4
 Leda's Liquefaction      Hex/Erth       5%         N/A       56%         4
 Petrify                  Tmut/Erth      11%        N/A       56%         4
 Summon Lightning Spire   Summ/Air       11%        N/A       56%         4
 Alistair's Intoxication  Tmut/Pois      7%         N/A       88%         5
 Irradiate                Conj/Tmut      5%         3d13      88%         5
 Lightning Bolt           Conj/Air       5%         1d17      88%         5
 Metabolic Englaciation   Hex/Ice        5%         N/A       88%         5
 Dispersal                Tloc           5%         N/A       100%        6
 Starburst                Conj/Fire      5%         6d4       100%        6
 Statue Form              Tmut/Erth      7%         N/A       100%        6
 Malign Gateway           Summ/Tloc      5%         N/A       100%        7
 Orb of Destruction       Conj           5%         9d5       100%        7
 Ozocubu's Refrigeration  Ice            5%         4d8       100%        7
 Summon Horrible Things   Summ           5%         N/A       100%        8
 Shatter                  Erth           5%         3d8*      100%        9


Dungeon Overview and Level Annotations

Branches:
Dungeon (1/1)

Altars:
Ashenzari
Cheibriados
Dithmenos
Fedhas
Gozag
Hepliaklqana
Kikubaaqudgha
Makhleb
Nemelex Xobeh
Okawaru
Qazlal
Ru
Sif Muna
Trog
Uskayaw
Vehumet
Wu Jian
Xom
Yredelemnul
Jiyva
Lugonu


Innate Abilities, Weirdness & Mutations

You have a pair of large horns on your head.
You are completely covered in rugged brown scales. (AC +3, +7% HP)
Your demonic aura causes all spilled blood to erupt in flames.
You are powered by pain.
You are resistant to unholy torment.
You punish those that try to bend your will. (Will+)
You are very frail. (-20% HP)
Your magical capacity is extremely low. (-30% MP)


Message History

You block the Hell Sentinel's attack.
You slash the Hell Sentinel!
The Hell Sentinel is moderately wounded.
The Hell Sentinel hits you.
The Hell Sentinel hits you but does no damage.
You slice the Hell Sentinel like a ripe choko!!!
You headbutt the Hell Sentinel.
The Hell Sentinel is severely wounded.
The Hell Sentinel completely misses you. x2
You slice the Hell Sentinel like a ripe choko!!!
You headbutt the Hell Sentinel, but do no damage.
The Hell Sentinel is almost dead.
The Hell Sentinel misses you. The Hell Sentinel closely misses you.
You hit the Hell Sentinel.
The Hell Sentinel is almost dead.
The Hell Sentinel hits you but does no damage.
The Hell Sentinel hits you.
You hit the Hell Sentinel. You headbutt the Hell Sentinel.
You kill the Hell Sentinel!
Qazlal accepts your kill.
Your Spellcasting skill increases to level 25!
Things that are here:
a +0 glaive; a +0 leather armour You start resting.
You feel a little less agile now.
You start resting.
A Brimstone Fiend comes into view.
A Brimstone Fiend is nearby!
A Brimstone Fiend is nearby!
A Brimstone Fiend is nearby!
A Brimstone Fiend is nearby!
A Brimstone Fiend is nearby!
The Brimstone Fiend gestures at you.
The sphere of damnation explodes!
The damnation engulfs you!!!
* * * LOW HITPOINT WARNING * * *
You focus on the pain.
You feel very mighty all of a sudden. The Brimstone Fiend gestures at you.
The sphere of damnation explodes!
The damnation engulfs you!!
You die...

#.?(.')))'.##......#..#......##..
##########.##................''..
#...........'................''..
#'#####'#####......#..#......##..
#.#..#..#[.##...1............##)[
#.#..'..#))#####)#####''#########
#.#..####))##..°○○..##''##### ##
#.#..#..#))##.☼..°☼.##......# #.
#.#..#..#..##.)○@...##......# #
#.##'#..#'###..°<...###....## ##
#.#...)....##..°..°.# ##''## ###.
#.#........##.......###....###...
#)###########.......##......#....
#.......#..###########......'....
#.......#.############......#....
#...#...#.#....#..[.###....###...
#..###..#'#....#....# ##''## ###.


You could see a Brimstone Fiend.

Vanquished Creatures
  Antaeus (D)
  Dissolution (D)
  Khufu (D)
  4 ancient liches (D)
  An orb of fire (D)
  4 pandemonium lords (D)
  Mara (D)
  Mennas (D)
  4 royal mummies (D)
  Frederick (D)
  Boris (D)
  Margery (D)
  the Lernaean hydra (D)
  A Killer Klown (D)
  A golden dragon (D)
  Jory (D)
  Nikola (D)
  A profane servitor (D)
  A bone dragon (D)
  4 pearl dragons (D)
  4 Tzitzimimeh (D)
  2 Brimstone Fiends (D)
  A hellephant (D)
  8 Ice Fiends (D)
  7 electric golems (D)
  2 tentacled monstrosities (D)
  7 Hell Sentinels (D)
  6 liches (D)
  30 Orb Guardians (D)
  2 quicksilver dragons (D)
  Murray (D)
  4 titans (D)
  3 acid blobs (D)
  3 deep elf blademasters (D)
  2 deep elf master archers (D)
  A death cob (D)
  2 sphinxes (D)
  4 Executioners (D)
  2 storm dragons (D)
  3 nagarajas (D)
  4 fire giants (D)
  5 draconian monks (D)
  2 shadow dragons (D)
  4 rockslimes (D)
  An azure jelly (D)
  3 draconian knights (D)
  32 daevas (D)
  2 deep elf sorcerers (D)
  2 emperor scorpions (D)
  A balrug (D)
  Aizul (D)
  3 ghost moths (D)
  4 iron dragons (D)
  4 ghouls (D)
  A draconian scorcher (D)
  A draconian shifter (D)
  6 frost giants (D)
  A spriggan defender (D)
  24 angels (D)
  2 draconian annihilators (D)
  2 orc warlords (D)
  3 reapers (D)
  2 draconian stormcallers (D)
  A war gargoyle (D)
  A green draconian (D)
  An apis (D)
  3 cacodemons (D)
  4 ophanim (D)
  A demonspawn blood saint (D)
  A demonspawn black sun (D)
  3 deep elf demonologists (D)
  7 vampire knights (D)
  3 lorocyprocas (D)
  5 stone giants (D)
  2 black draconians (D)
  2 minotaurs (D)
  2 red draconians (D)
  3 deep elf annihilators (D)
  A dire elephant (D)
  4 mummy priests (D)
  An ettin (D)
  A green death (D)
  5 blizzard demons (D)
  A fire dragon (D)
  3 deep elf high priests (D)
  6 ice dragons (D)
  3 hell beasts (D)
  5 vault guards (D)
  A great orb of eyes (D)
  2 spriggan air magi (D)
  2 ogre magi (D)
  A rakshasa (D)
  A catoblepas (D)
  A centaur warrior (D)
  Erica (D)
  3 anacondas (D)
  2 alligator snapping turtles (D)
  A naga warrior (D)
  A boulder beetle (D)
  A death knight (D)
  3 deep troll shamans (D)
  2 dancing weapons (D)
  4 vampire magi (D)
  6 death yaks (D)
  3 hell hogs (D)
  2 hell knights (D)
  3 soul eaters (D)
  3 deep elf knights (D)
  A deep troll earth mage (D)
  5 sun demons (D)
  An iron troll (D)
  A shadow wraith (D)
  12 skeletal warriors (D)
  A fire crab (D)
  3 deep trolls (D)
  3 sixfirhies (D)
  23 cherubim (D)
  A shadow demon (D)
  13 orc knights (D)
  7 flayed ghosts (D)
  A phantasmal warrior (D)
  A wizard (D)
  A mana viper (shapeshifter) (D)
  2 orc sorcerers (D)
  An ugly thing (D)
  A manticore (D)
  A cyclops (D)
  A rust devil (D)
  A black mamba (D)
  An elephant (D)
  A naga mage (D)
  2 eyes of devastation (D)
  2 smoke demons (D)
  2 unseen horrors (D)
  A hellion (D)
  2 komodo dragons (D)
  6 yaktaurs (D)
  4 tormentors (D)
  3 efreet (D)
  A guardian mummy (D)
  5 ice devils (D)
  A red devil (D)
  2 wandering mushrooms (D)
  4 hellwings (D)
  A polar bear (shapeshifter) (D)
  Prince Ribbit (D)
  A hornet (D)
  A tyrant leech (D)
  4 blink frogs (D)
  A tarantella (D)
  A jumping spider (shapeshifter) (D)
  3 wraiths (D)
  3 water elementals (D)
  4 vampires (D)
  A fire elemental (D)
  A fire bat (D)
  A golden eye (D)
  2 chaos spawn (D)
  5 neqoxecs (D)
  6 redbacks (D)
  2 nagas (D)
  An orc warrior (D)
  2 water moccasins (D)
  3 floating eyes (D)
  A wolf (D)
  3 centaurs (D)
  A kobold brigand (D)
  A bullfrog (D)
  A scorpion (D)
  3 killer bees (D)
  An iron imp (D)
  A small abomination (D)
  3 orc priests (D)
  3 orc wizards (D)
  An iguana (D)
  A hell rat (D)
  3 mummies (D)
  3 river rats (D)
  A white imp (D)
  2 adder skeletons (D)
  A worm (D)
  An adder simulacrum (D)
  7 orcs (D)
  2 bat skeletons (D)
  2 bat zombies (D)
  2 endoplasms (D)
  A giant cockroach (D)
  A kobold (D)
  3 quokkas (D)
  A ball python (D)
  3 ball python simulacra (D)
  4 ball python zombies (D)
  A bat (D)
  2 bat simulacra (D)
  A frilled lizard (D)
  A giant cockroach simulacrum (D)
  A giant cockroach zombie (D)
  A jackal simulacrum (D)
  2 quokka skeletons (D)
  A rat (D)
577 creatures vanquished.

Vanquished Creatures (collateral kills)
  An emperor scorpion (D)
1 creature vanquished.

Vanquished Creatures (others)
  A ghost moth (D)
  A ball python simulacrum (D)
2 creatures vanquished.

Grand Total: 580 creatures vanquished

Notes
Turn   | Place    | Note
-------+----------+-------------------------------------------
     0 | D        | BigDaddyOpFi the Demonspawn Fighter began the quest for the
                  | Orb.
     0 | D        | Reached XP level 1. HP: 18/18 MP: 1/1
    15 | D        | Gained mutation: You have a pair of small horns on your
                  | head. [demonic ancestry]
    15 | D        | Reached XP level 2. HP: 19/24 MP: 2/2
    19 | D        | Found a bloodstained altar of Trog.
    19 | D        | Found a shimmering blue altar of Sif Muna.
    19 | D        | Found a viscous altar of Jiyva.
    19 | D        | Found a hazy altar of Hepliaklqana.
    19 | D        | Found an opulent altar of Gozag.
    20 | D        | Found a basalt altar of Yredelemnul.
    20 | D        | Found a shimmering altar of Xom.
    20 | D        | Found an ornate altar of the Wu Jian Council.
    20 | D        | Found a sacrificial altar of Ru.
    20 | D        | Found a stormy altar of Qazlal.
    20 | D        | Found an iron altar of Okawaru.
    20 | D        | Found a sparkling altar of Nemelex Xobeh.
    20 | D        | Found a burning altar of Makhleb.
    20 | D        | Found a blossoming altar of Fedhas.
    20 | D        | Found a shadowy altar of Dithmenos.
    20 | D        | Found a snail-covered altar of Cheibriados.
    22 | D        | Found a radiant altar of Vehumet.
    22 | D        | Found a corrupted altar of Lugonu.
    23 | D        | Found an ancient bone altar of Kikubaaqudgha.
    23 | D        | Found a hide-covered altar of Uskayaw.
    23 | D        | Found a broken altar of Ashenzari.
    26 | D        | Became a worshipper of Qazlal Stormbringer
    60 | D        | Reached skill level 1 in Invocations
   135 | D        | Reached * piety under Qazlal
   269 | D        | Noticed a scorpion
   271 | D        | Reached ** piety under Qazlal
   280 | D        | Gained mutation: You have a pair of horns on your head.
                  | [demonic ancestry]
   280 | D        | Reached XP level 3. HP: 19/30 MP: 3/5
   281 | D        | Killed a scorpion
   282 | D        | Reached skill level 5 in Invocations
   282 | D        | Reached XP level 4. HP: 22/38 MP: 4/7
   509 | D        | Noticed a centaur
   519 | D        | Killed a centaur
   519 | D        | Reached *** piety under Qazlal
   520 | D        | Reached skill level 5 in Fighting
   520 | D        | Reached XP level 5. HP: 32/44 MP: 7/10
   533 | D        | Reached skill level 5 in Armour
   533 | D        | Reached skill level 5 in Shields
   546 | D        | Reached **** piety under Qazlal
   552 | D        | Reached skill level 5 in Axes
   552 | D        | Gained mutation: You sometimes gain a little power by
                  | taking damage. [demonic ancestry]
   552 | D        | Reached XP level 6. HP: 26/52 MP: 12/12
   555 | D        | Reached ***** piety under Qazlal
   791 | D        | Noticed a wraith
   806 | D        | Killed a wraith
   807 | D        | Reached skill level 10 in Invocations
   995 | D        | Noticed a floating eye
   995 | D        | Noticed a phantasmal warrior
   995 | D        | Noticed a vampire knight
   996 | D        | Killed a floating eye
   997 | D        | Gained mutation: You have a pair of large horns on your
                  | head. [demonic ancestry]
   997 | D        | Reached XP level 7. HP: 60/60 MP: 5/15
  1001 | D        | Killed a phantasmal warrior
  1001 | D        | Killed a vampire knight
  1002 | D        | Reached XP level 8. HP: 48/70 MP: 7/18
  1185 | D        | Noticed a hellwing
  1190 | D        | Killed a hellwing
  1191 | D        | Reached skill level 15 in Invocations
  1191 | D        | Reached XP level 9. HP: 62/76 MP: 18/20
  1336 | D        | Noticed a komodo dragon
  1336 | D        | Noticed an orc sorcerer
  1336 | D        | Noticed a cyclops
  1337 | D        | Killed a komodo dragon
  1337 | D        | Killed an orc sorcerer
  1337 | D        | Killed a cyclops
  1394 | D        | Noticed a hell hog
  1394 | D        | Noticed a hell hog
  1394 | D        | Noticed a hell hog
  1396 | D        | Killed a hell hog
  1396 | D        | Killed a hell hog
  1397 | D        | Reached skill level 10 in Fighting
  1397 | D        | Gained mutation: You are partially covered in rugged brown
                  | scales. (AC +1, +3% HP) [demonic ancestry]
  1397 | D        | Reached XP level 10. HP: 33/88 MP: 13/22
  1398 | D        | Killed a hell hog
  1806 | D        | Reached skill level 10 in Armour
  1806 | D        | Reached skill level 10 in Shields
  1988 | D        | Reached ****** piety under Qazlal
  2348 | D        | Noticed an anaconda
  2348 | D        | Noticed a minotaur
  2351 | D        | Killed a shadow wraith
  2351 | D        | Killed an anaconda
  2352 | D        | Reached skill level 10 in Axes
  2354 | D        | Killed a minotaur
  2355 | D        | Gained mutation: Your demonic aura sometimes causes spilled
                  | blood to erupt in flames. [demonic ancestry]
  2355 | D        | Reached XP level 11. HP: 60/96 MP: 22/24
  2558 | D        | Noticed Prince Ribbit
  2561 | D        | Paralysed by a floating eye for 3 turns
  2562 | D        | Noticed a minotaur
  2564 | D        | Killed Prince Ribbit
  2564 | D        | Killed a minotaur
  3023 | D        | Noticed an alligator snapping turtle
  3033 | D        | Killed an alligator snapping turtle
  3608 | D        | Noticed a death yak
  3608 | D        | Noticed a death yak
  3608 | D        | Noticed a death yak
  3608 | D        | Noticed a death yak
  3608 | D        | Noticed a death yak
  3608 | D        | Noticed a death yak
  3608 | D        | Noticed a vampire knight
  3608 | D        | Noticed a deep elf annihilator
  3609 | D        | Killed a deep elf annihilator
  3609 | D        | Killed a death yak
  3609 | D        | Killed a death yak
  3609 | D        | Killed a vampire knight
  3609 | D        | Killed a death yak
  3609 | D        | Killed a death yak
  3609 | D        | Killed a death yak
  3610 | D        | Reached XP level 12. HP: 108/108 MP: 17/27
  3610 | D        | Killed a death yak
  3613 | D        | Got Asmodeus's Commentary on Summoned Conjuration
  3613 | D        | Got the Vellum of Infinity
  3808 | D        | Got the +7 sling "Saopev" {elec, rElec rPois MP-9 Dex+3}
  3849 | D        | Noticed an orc warlord
  3850 | D        | Noticed an orc warlord
  3852 | D        | Noticed a vault guard
  3853 | D        | Noticed an ophan
  3853 | D        | Noticed a black draconian
  3854 | D        | Killed an ophan
  3854 | D        | Noticed an alligator snapping turtle
  3855 | D        | Killed a black draconian
  3855 | D        | Killed an orc warlord
  3855 | D        | Killed an orc warlord
  3855 | D        | Killed a vault guard
  3855 | D        | Noticed an emperor scorpion
  3856 | D        | Gained mutation: Your demonic aura often causes spilled
                  | blood to erupt in flames. [demonic ancestry]
  3856 | D        | Reached XP level 13. HP: 117/117 MP: 11/29
  3861 | D        | Noticed a stone giant
  3862 | D        | Reached skill level 15 in Fighting
  3871 | D        | Killed a stone giant
  3898 | D        | Killed an emperor scorpion
  4378 | D        | Noticed a blizzard demon
  4379 | D        | Noticed Aizul
  4382 | D        | Noticed a death cob
  4392 | D        | Killed a blizzard demon
  4394 | D        | Killed Aizul
  4399 | D        | Killed a death cob
  4400 | D        | Noticed Erica
  4401 | D        | Killed Erica
  4402 | D        | Reached skill level 27 in Invocations
  4408 | D        | Identified the ring of Xeubimn {Wiz rElec Will+ Int+3} (You
                  | took it off an efreet in the Dungeon)
  4415 | D        | Reached skill level 15 in Armour
  4424 | D        | Killed a ghost moth
  4425 | D        | Reached skill level 15 in Shields
  4945 | D        | Noticed a sphinx
  4946 | D        | Noticed a deep elf sorcerer
  4949 | D        | Paralysed by a sphinx for 5 turns
  4954 | D        | Killed a deep elf sorcerer
  4954 | D        | Killed a sphinx
  4955 | D        | Reached skill level 15 in Axes
  4955 | D        | Noticed a green draconian monk
  4956 | D        | Noticed a red draconian
  4956 | D        | Noticed a green draconian monk
  4956 | D        | Noticed a lich
  4956 | D        | Noticed a deep elf demonologist
  4957 | D        | Killed a deep elf demonologist
  4957 | D        | Killed a red draconian
  4957 | D        | Killed a lich
  4957 | D        | Killed a green draconian monk
  4957 | D        | Killed a green draconian monk
  4958 | D        | Gained mutation: You are mostly covered in rugged brown
                  | scales. (AC +2, +5% HP) [demonic ancestry]
  4958 | D        | Reached XP level 14. HP: 80/134 MP: 14/31
  5088 | D        | Noticed a white draconian stormcaller
  5094 | D        | Killed a white draconian stormcaller
  5101 | D        | Noticed a nagaraja
  5117 | D        | Killed a nagaraja
  5425 | D        | Noticed Frederick
  5426 | D        | Noticed an acid blob
  5429 | D        | Killed an acid blob
  5429 | D        | Killed Frederick
  5450 | D        | Noticed a stone giant
  5452 | D        | Noticed a daeva
  5453 | D        | Noticed a lich
  5457 | D        | Killed a daeva
  5457 | D        | Killed a lich
  5460 | D        | Killed a stone giant
  5667 | D        | Got the ring of the Tortured Fig {EV+5 Slay+3}
  5671 | D        | Got the amulet of the Devil's Advocate {Reflect Fly rC+
                  | Will+ SH+5}
  5678 | D        | Got the ring "Qonome" {Will+ Dex+3}
  5684 | D        | Got the ring "Haosun" {Drain Int+5 Slay+5}
  5689 | D        | Got the amulet "Somn" {RegenMP Will+++ Stlth+}
  5703 | D        | Got the ring of Heresy {Wiz rF- rC++ Slay+5}
  5770 | D        | Killed a ghost moth
  5770 | D        | Noticed an emperor scorpion
  5771 | D        | Noticed a fire giant
  5780 | D        | Killed a fire giant
  5781 | D        | Killed an emperor scorpion
  6062 | D        | Noticed a quicksilver dragon
  6064 | D        | Killed a ghost moth
  6064 | D        | Killed a quicksilver dragon
  6078 | D        | Noticed a profane servitor
  6079 | D        | Noticed a frost giant
  6079 | D        | Noticed Boris
  6079 | D        | Noticed Nikola
  6080 | D        | Killed a frost giant
  6080 | D        | Killed Nikola
  6081 | D        | Gained mutation: You are completely covered in rugged brown
                  | scales. (AC +3, +7% HP) [demonic ancestry]
  6081 | D        | Reached XP level 15. HP: 117/150 MP: 10/32
  6084 | D        | Killed a profane servitor
  6084 | D        | Killed Boris
  6252 | D        | Noticed a deep elf sorcerer
  6252 | D        | Noticed a deep elf blademaster
  6253 | D        | Killed a deep elf sorcerer
  6253 | D        | Killed a deep elf master archer
  6258 | D        | Killed a deep elf blademaster
  6379 | D        | Noticed a shadow dragon
  6380 | D        | Noticed a quicksilver dragon
  6383 | D        | Killed a quicksilver dragon
  6388 | D        | Killed a shadow dragon
  6518 | D        | Noticed an electric golem
  6518 | D        | Noticed a titan
  6519 | D        | Killed a titan
  6521 | D        | Killed an electric golem
  6616 | D        | Noticed an Executioner
  6616 | D        | Noticed a frost giant
  6618 | D        | Killed an Executioner
  6618 | D        | Killed a frost giant
  6844 | D        | Noticed a lich
  6844 | D        | Killed a lich
  6844 | D        | Noticed a frost giant
  6850 | D        | Killed a frost giant
  7004 | D        | Noticed a fire giant
  7004 | D        | Noticed a fire giant
  7004 | D        | Noticed a titan
  7005 | D        | Noticed a frost giant
  7005 | D        | Noticed a deep elf blademaster
  7010 | D        | Killed a frost giant
  7011 | D        | Killed a fire giant
  7015 | D        | Killed a titan
  7016 | D        | Killed a fire giant
  7020 | D        | Killed a deep elf blademaster
  7222 | D        | Got the amulet "Araecwoi" {RegenMP rPois Dex+3}
  7224 | D        | Got the ring "Dyfac" {+Blink rPois Will+ Str-3 Int+6}
  7226 | D        | Got the ring of Haweyn {*Corrode rElec rPois SInv Stlth+}
  7228 | D        | Got the ring "Pos Kof" {Ice rPois Int-3 Dex+7 Stlth+}
  7230 | D        | Got the ring of Wucusun {+Blink Fly rPois Dex-4 Slay-5}
  7232 | D        | Got the ring of Divine Compulsion {Str+6 Int+3 Stlth+}
  7234 | D        | Got the amulet "Cura" {Regen+ Str+3 Int+3 Slay-6}
  7236 | D        | Got the ring "Idum" {rPois MP+9 Str+2}
  7253 | D        | Found the +5 woodcutter's axe
  7270 | D        | Got the +8 shadow dragon scales of Pipel {Dex+2 Stlth++++}
  7364 | D        | Gained mutation: Your demonic aura causes all spilled blood
                  | to erupt in flames. [demonic ancestry]
  7364 | D        | Reached XP level 16. HP: 162/165 MP: 18/33
  7372 | D        | Noticed a storm dragon
  7373 | D        | Killed a storm dragon
  7404 | D        | Noticed an Ice Fiend
  7404 | D        | Found the necklace of Bloodlust {Fury *Rage Will++ Int-3
                  | Slay+6}
  7408 | D        | Killed an Ice Fiend
  7409 | D        | Noticed Webater the pandemonium lord
  7427 | D        | HP: 1/170 [Webater the pandemonium lord/damnation (30)]
  7434 | D        | Killed Webater the pandemonium lord
  7711 | D        | Got the amulet of Ripac {Faith Harm Int+3 Dex-4}
  7737 | D        | Found the +8 frozen axe "Frostbite" {freeze, freezing
                  | cloud, *Noise Fly rC+}
  7827 | D        | Noticed a bone dragon
  7827 | D        | Noticed a lich
  7828 | D        | Killed a lich
  7829 | D        | Gained mutation: You sometimes gain power by taking damage.
                  | [demonic ancestry]
  7829 | D        | Reached XP level 17. HP: 180/180 MP: 25/34
  7830 | D        | Killed a bone dragon
  8003 | D        | Got a silver rune of Zot
  8282 | D        | Noticed a deep elf blademaster
  8283 | D        | Killed a deep elf blademaster
  8572 | D        | Noticed an Orb Guardian
  8572 | D        | Noticed an Orb Guardian
  8572 | D        | Noticed an Orb Guardian
  8572 | D        | Noticed an Orb Guardian
  8572 | D        | Noticed a Killer Klown
  8576 | D        | Noticed Dissolution
  8577 | D        | Noticed Mara
  8578 | D        | Killed an Orb Guardian
  8579 | D        | Killed an Orb Guardian
  8579 | D        | Noticed an ancient lich
  8581 | D        | Killed an Orb Guardian
  8585 | D        | Killed Mara
  8585 | D        | Killed an Orb Guardian
  8588 | D        | Noticed an Orb Guardian
  8591 | D        | Killed an ancient lich
  8592 | D        | Reached skill level 27 in Fighting
  8592 | D        | Killed Dissolution
  8597 | D        | Killed an Orb Guardian
  8599 | D        | Killed a Killer Klown
  8619 | D        | Noticed an Orb Guardian
  8625 | D        | Noticed an Orb Guardian
  8628 | D        | Killed an Orb Guardian
  8640 | D        | Killed an Orb Guardian
  9005 | D        | Noticed a pearl dragon
  9006 | D        | Noticed a lich
  9014 | D        | Killed a pearl dragon
  9014 | D        | Killed a lich
  9302 | D        | Noticed an Orb Guardian
  9303 | D        | Noticed an Orb Guardian
  9308 | D        | Killed an Orb Guardian
  9309 | D        | Noticed an Orb Guardian
  9311 | D        | Noticed Fafoigot the pandemonium lord
  9313 | D        | Noticed a Brimstone Fiend
  9313 | D        | Killed an Orb Guardian
  9313 | D        | Killed an Orb Guardian
  9314 | D        | Killed Fafoigot the pandemonium lord
  9314 | D        | Killed an acid blob
  9314 | D        | Killed an Orb Guardian
  9318 | D        | Noticed an Ice Fiend
  9326 | D        | Killed an Ice Fiend
  9326 | D        | Noticed a pearl dragon
  9333 | D        | Killed a pearl dragon
  9347 | D        | Reached skill level 27 in Armour
  9347 | D        | Reached XP level 18. HP: 73/194 MP: 19/35
  9348 | D        | Noticed a Hell Sentinel
  9354 | D        | Reached skill level 27 in Axes
  9354 | D        | Reached skill level 27 in Shields
  9354 | D        | Reached skill level 1 in Dodging
  9359 | D        | Killed a Hell Sentinel
  9364 | D        | Noticed an ancient lich
  9367 | D        | Killed an ancient lich
  9471 | D        | Noticed an Orb Guardian
  9475 | D        | Killed an Orb Guardian
  9476 | D        | Reached skill level 10 in Dodging
  9822 | D        | Noticed an Orb Guardian
  9828 | D        | Killed an Orb Guardian
  9886 | D        | Noticed a golden dragon
  9888 | D        | Killed a golden dragon
  9888 | D        | Killed an Orb Guardian
  9888 | D        | Noticed an electric golem
  9889 | D        | Noticed an Orb Guardian
  9890 | D        | Noticed an Orb Guardian
  9890 | D        | Noticed an Orb Guardian
  9890 | D        | Noticed an Ice Fiend
  9891 | D        | Killed an Orb Guardian
  9891 | D        | Killed an Orb Guardian
  9891 | D        | Killed an electric golem
  9891 | D        | Killed an Orb Guardian
  9891 | D        | Killed an Orb Guardian
  9891 | D        | Killed an Orb Guardian
  9910 | D        | Killed an Ice Fiend
  9935 | D        | Noticed an electric golem
  9942 | D        | Killed an electric golem
  9998 | D        | Gained mutation: You are frail. (-10% HP) [a cacodemon]
 10049 | D        | Noticed a hellephant
 10061 | D        | Killed a hellephant
 10107 | D        | Noticed a Tzitzimitl
 10115 | D        | Killed a Tzitzimitl
 10524 | D        | Noticed an Orb Guardian
 10526 | D        | Noticed an Orb Guardian
 10526 | D        | Noticed an Orb Guardian
 10526 | D        | Noticed an Orb Guardian
 10526 | D        | Noticed an Orb Guardian
 10528 | D        | Killed an Orb Guardian
 10528 | D        | Killed an Orb Guardian
 10528 | D        | Killed an Orb Guardian
 10528 | D        | Killed an Orb Guardian
 10528 | D        | Killed an Orb Guardian
 10528 | D        | Killed an Orb Guardian
 10529 | D        | Noticed an Orb Guardian
 10529 | D        | Noticed a royal mummy
 10530 | D        | Noticed an ancient lich
 10530 | D        | Noticed a Brimstone Fiend
 10531 | D        | Noticed an Ice Fiend
 10532 | D        | Killed a royal mummy
 10532 | D        | Killed an ancient lich
 10532 | D        | Killed a Brimstone Fiend
 10532 | D        | Killed an Orb Guardian
 10544 | D        | Killed an Ice Fiend
 11173 | D        | Noticed a Hell Sentinel
 11177 | D        | Killed a Hell Sentinel
 11314 | D        | Noticed an electric golem
 11314 | D        | Noticed an ancient lich
 11314 | D        | Noticed a Hell Sentinel
 11315 | D        | Killed an electric golem
 11315 | D        | Killed an ancient lich
 11316 | D        | Reached skill level 27 in Dodging
 11316 | D        | Gained mutation: You punish those that try to bend your
                  | will. (Will+) [demonic ancestry]
 11316 | D        | Reached XP level 19. HP: 130/183 MP: 27/36
 11322 | D        | Reached skill level 5 in Evocations
 11719 | D        | Noticed the 27-headed Lernaean hydra
 11727 | D        | Killed the 26-headed Lernaean hydra
 12489 | D        | Reached skill level 10 in Evocations
 12933 | D        | Identified the +8 shortbow of the Glimmering Genius
                  | {freeze, *Slow rN+++ Int+3}
 12933 | D        | Noticed a pearl dragon
 12934 | D        | Killed a pearl dragon
 12941 | D        | Identified the +5 chain mail of Eshey {rElec Regen+ Dex+2}
 12944 | D        | Reached skill level 27 in Evocations
 12951 | D        | Identified the +1 triple sword of the Swamp {heavy, rPois
                  | rC+ Int+2} (You took it off a cherub in the Dungeon)
 13171 | D        | Got the Catalogue of the Hidden Vale
 13185 | D        | Got a golden rune of Zot
 13394 | D        | Gained mutation: You are powered by pain. [demonic
                  | ancestry]
 13394 | D        | Reached XP level 20. HP: 182/191 MP: 32/37
 13413 | D        | Noticed an orb of fire
 13415 | D        | Gained mutation: You are very frail. (-20% HP) [an orb of
                  | fire]
 13426 | D        | Killed an orb of fire
 14335 | D        | Noticed Antaeus
 14368 | D        | Killed Antaeus
 14631 | D        | Noticed Mennas
 14632 | D        | Killed Mennas
 14706 | D        | Noticed Khufu
 14706 | D        | Noticed a royal mummy
 14706 | D        | Noticed a royal mummy
 14706 | D        | Noticed a royal mummy
 14709 | D        | Killed a royal mummy
 14709 | D        | Killed a royal mummy
 14709 | D        | Killed Khufu
 14710 | D        | Killed a royal mummy
 15203 | D        | Reached skill level 27 in Stealth
 15643 | D        | Noticed Jory
 15659 | D        | Killed Jory
 15666 | D        | Noticed Margery
 15667 | D        | Killed Margery
 16184 | D        | Reached skill level 15 in Spellcasting
 17229 | D        | Noticed a pearl dragon
 17230 | D        | Killed a pearl dragon
 17792 | D        | Noticed Murray
 17805 | D        | Killed Murray
 18404 | D        | Got an iron rune of Zot
 18562 | D        | Got the Orb of Zot
 18579 | D        | Noticed Karif the pandemonium lord
 18584 | D        | Killed Karif the pandemonium lord
 18663 | D        | Noticed Ikemerhu the pandemonium lord
 18671 | D        | Killed Ikemerhu the pandemonium lord
 19003 | D        | Gained mutation: Potions are less effective at restoring
                  | your health. [a neqoxec]
 19006 | D        | Gained mutation: You are extremely frail. (-30% HP) [a
                  | neqoxec]
 19174 | D        | Gained mutation: You are resistant to unholy torment.
                  | [demonic ancestry]
 19174 | D        | Reached XP level 21. HP: 86/157 MP: 38/49
 19176 | D        | Gained mutation: Your magical capacity is low. (-10% MP) [a
                  | neqoxec]
 19182 | D        | Lost mutation: You are extremely frail. (-30% HP) [potion
                  | of mutation]
 19182 | D        | Lost mutation: Potions are less effective at restoring your
                  | health. [potion of mutation]
 19182 | D        | Gained mutation: Your magical capacity is very low. (-20%
                  | MP) [potion of mutation]
 19182 | D        | Gained mutation: Your magical capacity is extremely low.
                  | (-30% MP) [potion of mutation]
 19242 | D        | Killed from afar by a Brimstone Fiend

Illustrated notes

Levels and vault maps discovered:
D:        pitsprint [storerooms_1, entrance_room_1, metal_vault_2, armoury_3,
          mini_pit_1, grid_room_1, main_hall_1, silver_pit, the_coven_1,
          the_vestibule_1, steel_vault_4, golden_pit, hallway_of_sentries,
          crystal_vault_4, iron_vault_4, final_vault]

Skill      XL: |  1  2  3  4  5  6  7  8  9 10 11 12 13 14 15 16 17 18 19 20 21 |
---------------+----------------------------------------------------------------+-----
Axes           | 2 3 4 5 6 7 9 10 12 13 15 18 21 23 26 27 | 27.0
Armour         | 3 4 5 6 8 9 10 12 13 16 18 21 23 27 | 27.0
Shields        | 3 4 5 6 8 9 10 12 13 15 18 21 23 26 27 | 27.0
Invocations    | 3 5 7 9 11 14 15 17 19 23 25 27 | 27.0
Fighting       | 4 5 6 7 8 9 10 11 13 14 17 19 22 25 27 | 27.0
Dodging        | 27 | 27.0
Evocations     | 2 27 | 27.0
Stealth        | 17 27 | 27.0
Spellcasting   | 24 25 | 25.1

Action                     |  1- 3 |  4- 6 |  7- 9 | 10-12 | 13-15 | 16-18 | 19-21 || total
---------------------------+-------+-------+-------+-------+-------+-------+-------++-------
  Melee: War axe           |    22 |    71 |     6 |    55 |     9 |       |       ||   163
         Headbutt          |     3 |    12 |       |    17 |    36 |    45 |    80 ||   193
         Broad axe         |       |       |       |       |   138 |    24 |       ||   162
         Battleaxe         |       |       |       |       |       |   138 |   262 ||   400
 Invoke: Disaster Area     |       |     1 |     3 |     9 |    21 |    20 |    19 ||    73
         Elemental Force   |       |       |       |       |     1 |       |       ||     1
    Use: Potion            |     1 |     1 |     3 |       |     3 |    16 |    13 ||    37
         Scroll            |       |       |       |     4 |     1 |    10 |       ||    15
 Armour: Scale mail        |    13 |       |       |       |       |       |       ||    13
         Chain mail        |       |    38 |     6 |    31 |       |       |       ||    75
         Plate armour      |       |       |       |    20 |     6 |       |       ||    26
         Gold dragon scale |       |       |       |       |    83 |   108 |   269 ||   460
  Dodge: Dodged            |    15 |    12 |     6 |    13 |    20 |    68 |   266 ||   400
         Repelled          |       |       |       |       |       |     2 |     5 ||     7
  Block: Buckler           |    12 |    33 |    10 |    48 |    14 |       |       ||   117
         Tower shield      |       |       |       |       |   174 |    19 |       ||   193
         Reflection        |       |       |       |       |     4 |     3 |     6 ||    13
         Other             |       |       |       |       |       |   103 |   197 ||   300

Table legend: (Time is in decaauts) A = Elapsed time spent in this place. B = Non-inter-level travel time spent in this place. C = Inter-level travel time spent in this place. D = Time resting spent in this place. E = Time spent auto-exploring this place. F = Levels seen in this place. G = Mean time per level. A B C D E F G +--------+--------+--------+--------+--------+-----+--------+ Total | 19299 | 18946 | 353 | 15178 | 44 | 1 | 19299.0 | Dungeon | 19299 | 18946 | 353 | 15178 | 44 | 1 | 19299.0 | +--------+--------+--------+--------+--------+-----+--------+

Top non-repeatable levels by time:
       D: 19299 daAuts
